 Dungeon Crawl Stone Soup version 0.27.1-1-g398f81649c (webtiles) character file.

Game seed: 4638139791242147556

53 pbellow the Skirmisher (level 3, -9/33 HPs)
             Began as a Hill Orc Fighter on Sept 11, 2021.
             Mangled by a hobgoblin (11 damage)
             ... led by Robin
             ... on level 2 of the Dungeon.
             The game lasted 00:03:09 (1278 turns).

pbellow the Skirmisher (Hill Orc Fighter)           Turns: 1278, Time: 00:03:10

Health: -9/33      AC:  7    Str: 19    XL:     3   Next: 89%
Magic:  3/3        EV:  7    Int:  8    God:
Gold:   91         SH:  9    Dex: 10    Spells: 2/2 levels left

rFire    . . .     SeeInvis .   a - +0 war axe
rCold    . . .     Faith    .   c - +0 kite shield
rNeg     . . .     Spirit   .   b - +0 scale mail
rPois    .         Reflect  .   (no helmet)
rElec    .         Harm     .   (no cloak)
rCorr    .         Rampage  .   (no gloves)
Will     .....                  (no boots)
Stlth    ..........             (no amulet)
HPRegen  0.11/turn              (no ring)
MPRegen  0.08/turn              (no ring)

@: no status effects
A: no striking features
a: no special abilities


You were on level 2 of the Dungeon.
You visited 1 branch of the dungeon, and saw 2 of its levels.

You collected 91 gold pieces.

Inventory:

Hand Weapons
 a - a +0 war axe (weapon)
Missiles
 l - 2 throwing nets (quivered)
Armour
 b - a +0 scale mail (worn)
 c - a +0 kite shield (worn)
Scrolls
 g - a scroll of fear {unknown}
 h - a scroll of teleportation {unknown}
 j - 2 scrolls of identify {unknown}
Potions
 d - 2 potions of might
 k - a potion of degeneration {unknown}


   Skills:
 + Level 4.2 Fighting
 + Level 3.9 Axes
 + Level 3.8 Armour
 + Level 0.1 Dodging
 + Level 3.5 Shields


You had 2 spell levels left.
You didn't know any spells.
Your spell library was empty.

Dungeon Overview and Level Annotations

Branches:
Dungeon (2/15)

Altars:

Annotations:
D:2 Robin


Message History

The goblin hits you with a +0 club.
It was a potion of magic.
Magic courses through your body.
The goblin no longer looks unusually strong.
The hobgoblin no longer looks unusually strong.
The goblin closely misses you.
Robin roars a battlecry!
The goblins go into a battle-frenzy!
You hear a shout!
Your shield and scale mail prevent you from hitting the goblin.
The goblin hits you with a +0 club.
* * * LOW HITPOINT WARNING * * *
Robin throws the goblin at you!
* * * LOW HITPOINT WARNING * * *
The goblin hits you but does no damage.
You closely miss the goblin. x2; You block the goblin's attack.
A goblin comes into view. It is wielding a +0 dagger.
The goblin hits you with a +0 dagger.
* * * LOW HITPOINT WARNING * * *
The goblin closely misses you.
A goblin comes into view. It is wielding a +0 club.
The goblin moves out of view.
The goblin shouts!
You slash the goblin!
You kill the goblin!
You slash the goblin!
You kill the goblin!
Robin throws the goblin at you!
The hobgoblin hits you with a staff of poison.
* * * LOW HITPOINT WARNING * * *
You slash the goblin!
You kill the goblin!
You closely miss the hobgoblin. Robin throws the goblin at you!
* * * LOW HITPOINT WARNING * * *
A hobgoblin comes into view.
The hobgoblin barely misses you. You block the goblin's attack.
You hit the goblin.
You kill the goblin!
You hit the hobgoblin.
The hobgoblin hits you with a staff of poison!
You die...

...........#
...........+ ..>
...........# #.#
...........# #.#
......g....###.#
............##.#
............##.#
######...g..##)#
#...g..##@#
####..)##g####
#..g..gg...#
#.###[.###.#
#..........#
###.......)..#
...........†.#
.........###.##
..............#


You could see Robin, a hobgoblin (strong) and a goblin (strong).

Vanquished Creatures
  2 adders (D:2)
  3 ball pythons (D:1)
  3 bats
  An endoplasm (D:2)
  2 giant cockroaches (D:1)
  13 goblins
  2 hobgoblins
  A kobold (D:1)
  A quokka (D:1)
  4 frilled lizards
  A rat (D:2)
33 creatures vanquished.

Notes
Turn   | Place    | Note
-------+----------+-------------------------------------------
     0 | D:1      | pbellow the Hill Orc Fighter began the quest for the Orb.
     0 | D:1      | Reached XP level 1. HP: 19/19 MP: 1/1
   217 | D:1      | Reached XP level 2. HP: 10/27 MP: 2/2
  1177 | D:2      | Reached skill level 4 in Fighting
  1180 | D:2      | Found a faded altar of an unknown god.
  1189 | D:2      | Reached XP level 3. HP: 25/33 MP: 3/3
  1255 | D:2      | Noticed Robin
  1278 | D:2      | Mangled by a hobgoblin

Illustrated notes

Levels and vault maps discovered:
D:1:      dpeg_arrival_renting, layout_loops_ring
D:2:      layout_basic, hellmonk_ecumenical_altar_lost_god, corner_web_ring,
          uniq_sigmund, uniq_robin

Skill      XL: |  1  2 |
---------------+-------+-----
Axes           | 3 |  3.9
Fighting       | 4 |  4.2
Armour         | |  3.8
Dodging        | |  0.1
Shields        | |  3.5

Action                   || total
-------------------------++-------
Melee: War axe           ||    90
  Use: Potion            ||     3
Armor: Scale mail        ||    46
Dodge: Dodged            ||    35
Block: Kite shield       ||    46
